 Seeded DCSS version 0.29.1-15-g9cfb28693d (webtiles) character file.

Game seed: 1 (custom seed)

2 Kazon the Covered (level 1, -2/18 HPs)
             Began as a Barachi Fighter on Mar 30, 2023.
             Slain by a hobgoblin (4 damage)
             ... on level 1 of the Dungeon.
             The game lasted 00:01:20 (67 turns).

Kazon the Covered (Barachi Fighter)                   Turns: 67, Time: 00:01:21

Health: -2/18      AC:  0    Str: 17    XL:     1   Next: 30%
Magic:  1/1        EV: 11    Int:  8    God:
Gold:   31         SH:  0    Dex: 11    Spells: 0/0 levels left

rFire   . . .      SeeInvis .   (no weapon)
rCold   . . .      Faith    .   (no shield)
rNeg    . . .      Spirit   .   (no body armour)
rPois   .          Reflect  .   (no helmet)
rElec   .          Harm     .   (no cloak)
rCorr   .          Rampage  .   (no gloves)
Will    .....                   (no boots)
Stlth   +.........              (no amulet)
HPRegen 0.06/turn               (no ring)
MPRegen 0.07/turn               (no ring)

@: slow
A: amphibious, slowness 1, strong legs 1, +LOS
a: Hop


You were on level 1 of the Dungeon.
You visited 1 branch of the dungeon, and saw 1 of its levels.

You collected 31 gold pieces.

Inventory:

Armour
 b - a +0 scale mail
 c - a +0 buckler
Scrolls
 f - a scroll of acquirement
Potions
 d - a potion of might
 e - a potion of haste {unknown}


   Skills:
 + Level 3.6 Fighting
 + Level 2.5 Long Blades
 + Level 3.7 Armour
 + Level 3.2 Shields


You couldn't memorise any spells.
You didn't know any spells.
Your spell library was empty.

Dungeon Overview and Level Annotations

Branches:
Dungeon (1/15)

Altars:


Innate Abilities, Weirdness & Mutations

You are amphibious.
You cover ground slowly.
You can hop short distances.
You have an extended range of vision and can be seen from far away.


Message History

You kill the goblin!
You barely miss the hobgoblin. The hobgoblin barely misses you.
You barely miss the hobgoblin. The hobgoblin hits you.
The hobgoblin hits you but does no damage.
You closely miss the hobgoblin. The hobgoblin barely misses you.
You closely miss the hobgoblin. The hobgoblin completely misses you.
This is a scroll of acquirement!
The hobgoblin hits you.
Keep disrobing?
You start removing your armour.
You continue taking off your +0 scale mail.
The hobgoblin barely misses you.
You continue taking off your +0 scale mail.
The hobgoblin hits you.
You continue taking off your +0 scale mail.
The hobgoblin barely misses you.
You continue taking off your +0 scale mail.
You block the hobgoblin's attack.
You finish taking off your +0 scale mail.
You are now empty-handed.
You drop a +0 long sword.
The hobgoblin hits you. The hobgoblin hits you.
Keep disrobing?
* * * LOW HITPOINT WARNING * * *
You start removing your armour.
You continue taking off your +0 buckler.
You block the hobgoblin's attack.
You continue taking off your +0 buckler.
The hobgoblin hits you.
* * * LOW HITPOINT WARNING * * *
You continue taking off your +0 buckler.
You block the hobgoblin's attack.
You continue taking off your +0 buckler.
The hobgoblin misses you.
You finish taking off your +0 buckler.
The hobgoblin closely misses you. The hobgoblin hits you.
* * * LOW HITPOINT WARNING * * *
The hobgoblin barely misses you. The hobgoblin hits you.
You die...

....... ##'## .......###
#.# .........# #.#
#......>.# +.+ .........#
#.# .......).### #.# #
#####.#.### #'# #.
#.....g...###### #.#### ...
#.....@...."...###.....
....#..####..........##....
...............##....##....
.....#.....................
.##..+..†..................
## #.....#.##............
.......#...#.#.......##....
..####.#...#.#..#....##....
..#...#.........##....


You could see a hobgoblin.

Vanquished Creatures
  A goblin (D:1)
  A bat (D:1)
2 creatures vanquished.

Notes
Turn   | Place    | Note
-------+----------+-------------------------------------------
     0 | D:1      | Kazon the Barachi Fighter began the quest for the Orb.
     0 | D:1      | Reached XP level 1. HP: 18/18 MP: 1/1
    53 | D:1      | Identified a scroll of acquirement
    67 | D:1      | Slain by a hobgoblin

Illustrated notes

Levels and vault maps discovered:
D:1:      dpeg_arrival_three_smaller_balls, layout_basic

Action                   || total
-------------------------++-------
Melee: Long sword        ||     7
Armor: Scale mail        ||    13
Dodge: Dodged            ||    17
Block: Buckler           ||     6
